 Dungeon Crawl Stone Soup version 0.20.1-1-g8b1a95d (webtiles) character file.

2060 polve the Carver (level 9, -1/47 HPs)
             Began as a Vine Stalker Fighter on July 25, 2017.
             Was an Elder of Uskayaw.
             Splashed by an orc's acid (9 damage)
             ... on level 6 of the Dungeon.
             The game lasted 00:09:10 (4521 turns).

polve the Carver (Vine Stalker Fighter)             Turns: 4521, Time: 00:09:11

Health: -1/47      AC:  9    Str: 19    XL:     9   Next: 25%
Magic:  0/10       EV:  7    Int:  8    God:    Uskayaw [****..]
Gold:   295        SH:  9    Dex: 17    Spells: 8/8 levels left

rFire    . . .     SeeInvis .   a - +0 long sword
rCold    . . .     Gourm    .   c - +0 shield
rNeg     . . .     Faith    .   b - +0 scale mail
rPois    .         Spirit   +   (no helmet)
rElec    .         Reflect  .   h - +0 cloak
rCorr    .         Harm     .   m - +2 pair of gloves
MR       +....                  g - +2 pair of boots
Stlth    ..........             (no amulet)
Regen    0.6/turn               x - ring of loudness (curse)
MPRegen  0.2/turn               (no ring)

@: corroded
A: fangs 3, regeneration 1, magic shield, antimagic bite, no potion heal 3, rot
immunity
a: Stomp, Line Pass, Renounce Religion


You were on level 6 of the Dungeon.
You worshipped Uskayaw.
Uskayaw was noncommittal.
You were hungry.

You visited 2 branches of the dungeon, and saw 7 of its levels.

You collected 295 gold pieces.

Inventory:

Hand Weapons
 a - a +0 long sword (weapon)
Armour
 b - a +0 scale mail (worn)
 c - a +0 shield (worn)
 g - a +2 pair of boots (worn)
 h - a +0 cloak (worn)
 m - a +2 pair of gloves (worn)
Jewellery
 x - a cursed ring of loudness (left hand)
Wands
 q - a wand of paralysis (14/24)
 H - a wand of polymorph (9/24)
Scrolls
 e - a scroll of fear
 k - 2 scrolls of teleportation
 p - a scroll of magic mapping {unknown}
 s - a scroll of fog {unknown}
 t - 3 scrolls of enchant weapon {unknown}
 y - 2 scrolls of identify {unknown}
 D - 2 scrolls of noise {unknown}
 E - a scroll of random uselessness {unknown}
Potions
 d - 4 potions of might
 i - a potion of haste {unknown}
 j - 2 potions of curing
 l - 2 potions of resistance {unknown}
 o - 4 potions of brilliance {unknown}
 r - a potion of cancellation {unknown}
 u - a potion of agility {unknown}
 v - a potion of magic {unknown}
 z - 2 potions of heal wounds {unknown}
 A - 2 potions of lignification {unknown}
 C - a potion of degeneration {unknown}
 F - 2 potions of flight {unknown}
 G - a potion of mutation {unknown}
 J - a potion of berserk rage {unknown}
Comestibles
 f - 7 bread rations
 n - 4 fruits
 w - 6 royal jellies
 B - a meat ration
 I - a chunk of flesh


   Skills:
 + Level 5.4 Fighting
 - Level 10.0 Long Blades
 - Level 2.4 Armour
 - Level 2.6 Shields


You had 8 spell levels left.
You didn't know any spells.

Dungeon Overview and Level Annotations

Branches:
Dungeon (6/15)             Temple (1/1) D:5

Altars:
Ashenzari
Dithmenos
Elyvilon
Fedhas
Gozag
Kikubaaqudgha
Makhleb
Nemelex Xobeh
Okawaru
Qazlal
Ru
Trog
Uskayaw
Vehumet
Xom
Zin
The Shining One


Innate Abilities, Weirdness & Mutations

You have razor-sharp teeth.
Your natural rate of healing is unusually fast.
When hurt, damage is shared between your health and your magic reserves.
Your bite disrupts and absorbs the magic of your enemies.
Potions cannot restore your health.
You are immune to rotting.


Message History

The orc is no longer sharing its pain.
The orc priest calls upon Beogh to heal the orc.
The orc is healed somewhat.
You slash the orc priest!
You bite the orc priest, but do no damage.
The orc priest is almost dead.
The orc priest hits you but does no damage.
You hit the orc priest but do no damage.
You bite the orc priest. You drain its power.
You feel invigorated.
You kill the orc priest!
The orc zaps a wand.
The bolt of acid hits the orc.
The orc is splashed with acid.
The orc dies!
The bolt of acid hits the quokka.
The quokka is splashed with acid.
The acid corrodes the quokka!
The quokka dies!
The bolt of acid hits you!
* * * LOW HITPOINT WARNING * * *
The acid corrodes you!
You are splashed with acid!
The acid burns!
You die...

#.# #.# ######.##
.........#######.
#######..........
##.#######. #.#
#.# #@# #)# #)#.#
#o# #.> #. ### #


You could see an orc.

Vanquished Creatures
  Pikel (D:5)
  Grinder (D:5)
  Sigmund (D:5)
  Eustachio (D:4)
  Menkaure (D:5)
  An orc warrior (D:6)
  A sky beast (D:5)
  An ogre (D:5)
  3 crimson imps
  A jelly (D:5)
  3 orc priests
  Crazy Yiuf (D:5)
  6 orc wizards
  4 worker ants
  5 gnolls
  6 adders
  An ooze (D:4)
  5 worms
  2 leopard geckos
  13 orcs
  10 bats
  9 giant cockroaches
  7 goblins
  6 hobgoblins
  15 jackals
  2 quokkas
  2 ball pythons
  3 frilled lizards
  4 kobolds
  6 rats
122 creatures vanquished.

Vanquished Creatures (others)
  A bullfrog (D:5)
  A leopard gecko (D:5)
  5 orcs
  A quokka (D:6)
8 creatures vanquished.

Grand Total: 130 creatures vanquished

Notes
Turn   | Place    | Note
-------+----------+-------------------------------------------
     0 | D:1      | polve the Vine Stalker Fighter began the quest for the Orb.
     0 | D:1      | Reached XP level 1. HP: 11/11 MP: 2/2
    56 | D:1      | Reached skill level 2 in Long Blades
   306 | D:1      | Reached XP level 2. HP: 16/16 MP: 3/3
   810 | D:2      | Reached skill level 3 in Long Blades
   810 | D:2      | Reached XP level 3. HP: 16/19 MP: 4/4
   973 | D:2      | Gained mutation: Your natural rate of healing is unusually fast. [Vine Stalker growth]
   973 | D:2      | Reached XP level 4. HP: 14/23 MP: 5/5
   999 | D:2      | Reached skill level 4 in Long Blades
  1868 | D:3      | Reached XP level 5. HP: 27/27 MP: 6/6
  1926 | D:3      | Reached skill level 5 in Long Blades
  2468 | D:4      | Noticed Eustachio
  2558 | D:4      | Killed Eustachio
  2558 | D:4      | Reached skill level 6 in Long Blades
  2558 | D:4      | Reached XP level 6. HP: 32/32 MP: 7/7
  3348 | D:5      | Entered Level 5 of the Dungeon
  3476 | D:5      | Reached XP level 7. HP: 34/35 MP: 6/8
  3583 | D:5      | Reached skill level 7 in Long Blades
  3606 | D:5      | Noticed Pikel
  3630 | D:5      | Killed Pikel
  3630 | D:5      | Reached skill level 8 in Long Blades
  3630 | D:5      | Gained mutation: You have razor-sharp teeth. [Vine Stalker growth]
  3630 | D:5      | Reached XP level 8. HP: 33/39 MP: 9/9
  3665 | D:5      | Noticed Grinder
  3680 | D:5      | Killed Grinder
  3680 | D:5      | Reached skill level 9 in Long Blades
  3698 | D:5      | Found a runed door.
  3730 | D:5      | Found a staircase to the Ecumenical Temple.
  3740 | D:5      | Noticed Sigmund
  3761 | D:5      | Killed Sigmund
  3777 | D:5      | Noticed Menkaure
  3795 | Temple   | Entered the Ecumenical Temple
  3858 | Temple   | Became a worshipper of Uskayaw the Reveler
  4007 | Temple   | Reached skill level 10 in Long Blades
  4007 | Temple   | Reached * piety under Uskayaw
  4010 | Temple   | Reached ** piety under Uskayaw
  4030 | D:5      | Killed Menkaure
  4030 | D:5      | Reached XP level 9. HP: 45/45 MP: 10/10
  4096 | D:5      | Reached *** piety under Uskayaw
  4391 | D:5      | Noticed Crazy Yiuf
  4400 | D:5      | Killed Crazy Yiuf
  4508 | D:6      | Reached skill level 5 in Fighting
  4516 | D:6      | Reached **** piety under Uskayaw
  4521 | D:6      | Splashed by an orc's acid

Skill      XL: |  1  2  3  4  5  6  7  8  9 |
---------------+----------------------------+-----
Long Blades    | 2 3 4 6 8 10 | 10.0
Fighting       | 3 5 |  5.4
Armour         | |  2.4
Shields        | |  2.6

Action                   |  1- 3 |  4- 6 |  7- 9 || total
-------------------------+-------+-------+-------++-------
Melee: Long sword        |    61 |   285 |   148 ||   494
       Bite              |    13 |    82 |    62 ||   157
  Use: Potion            |       |     1 |       ||     1
       Scroll            |       |       |     3 ||     3
 Stab: Paralysed         |       |       |     1 ||     1
  Eat: Chunk             |       |     9 |     3 ||    12
Armor: Scale mail        |    49 |   179 |    56 ||   284
Dodge: Dodged            |    28 |   101 |    36 ||   165
Block: Shield            |    40 |   131 |    59 ||   230
       Rpst.: Long sword |     6 |    28 |    11 ||    45
